 Dungeon Crawl Stone Soup version 0.23.0-3-gf3c87f2 (webtiles) character file.

Game seed: 1272225386674163775

565 zishaf the Charlatan (level 7, -10/33 HPs)
             Began as a Spriggan Artificer on Feb 22, 2019.
             Killed themself with a badly aimed iceblast (26 damage)
             ... on level 5 of the Dungeon.
             The game lasted 00:09:32 (4060 turns).

zishaf the Charlatan (Spriggan Artificer)           Turns: 4060, Time: 00:09:33

Health: -10/33     AC:  4    Str:  9    XL:     7   Next: 10%
Magic:  0/12       EV: 21    Int: 13    God:
Gold:   250        SH:  0    Dex: 17    Spells: 6/6 levels left

rFire    . . .     SeeInvis +   a - +0 short sword
rCold    . . .     Gourm    .   (shield restricted)
rNeg     . . .     Faith    .   p - +2 robe {Archmagi}
rPois    .         Spirit   +   (helmet restricted)
rElec    .         Reflect  .   l - scarf {repulsion}
rCorr    .         Harm     .   (gloves unavailable)
MR       .....                  (boots unavailable)
Stlth    ++++......             o - amulet of guardian spirit
HPRegen  0.11/turn              u - ring of stealth
MPRegen  0.13/turn              (no ring)

@: vulnerable, very slightly contaminated, repel missiles, very quick
A: very small, unfitting armour, see invisible, herbivore, speed 3, slow
metabolism 2
a: no special abilities


You were on level 5 of the Dungeon.
You were hungry.

You visited 1 branch of the dungeon, and saw 5 of its levels.

You collected 250 gold pieces.

Inventory:

Hand Weapons
 a - a +0 short sword (weapon)
Missiles
 n - 156 stones (quivered)
Armour
 b - a +0 robe
 l - a scarf of repulsion (worn)
 p - a +2 robe of the Archmagi (worn)
 w - a scarf of spirit shield
Jewellery
 m - an uncursed amulet of rage
 o - an amulet of guardian spirit (around neck)
 s - an uncursed ring of fire
 u - a ring of stealth (left hand)
Wands
 d - a wand of enslavement (6)
 e - a wand of random effects (24)
 t - a wand of acid (5)
 y - a wand of iceblast (7)
Scrolls
 c - a scroll of teleportation
 h - 2 scrolls of remove curse
 q - 2 scrolls of identify
Potions
 g - 2 potions of flight
 i - a potion of heal wounds
 j - 3 potions of ambrosia
 k - a potion of haste
 z - a potion of curing
Comestibles
 f - 8 rations


   Skills:
 - Level 1.0 Fighting
 + Level 4.1 Short Blades
 + Level 6.1 Dodging
 + Level 6.0 Stealth
 + Level 6.3 Evocations


You had 6 spell levels left.
You didn't know any spells.
Your spell library was empty.

Dungeon Overview and Level Annotations

Branches:
Dungeon (5/15)
 Temple: D:4-7

Altars:
Nemelex Xobeh
Trog
Uskayaw
Wu Jian
Xom

Annotations:
D:5 1 runed translucent door


Innate Abilities, Weirdness & Mutations

You are very small and have problems with some larger weapons.
You are too small for most types of armour.
You have supernaturally acute eyesight. (SInv)
You are a herbivore.
You cover ground extremely quickly.
You need to consume almost no food.


Message History

The iguana closely misses you.
You barely miss the iguana.
The iguana is moderately wounded.
The iguana bites you.
You barely miss the iguana.
The iguana is moderately wounded.
The iguana bites you!
You closely miss the iguana.
The iguana is moderately wounded.
The iguana bites you.
Evoke which item? (* to show all) (? for menu, Esc to quit)
Aiming: Random Effects
Press: ? - help, Shift-Dir - straight line, f - iguana
Aim: an iguana (moderately wounded)
The mass of ice explodes!
The iceblast engulfs the iguana!
You kill the iguana!
Your Stealth skill increases to level 6!
The iceblast engulfs you!!
Ouch! That really hurt!
You die...

.. #.. [...
#####.... #........
###........
#..†.....#
####.?@.....#
#.......#.#.#
#...........#
#.......#...#
#.........!...
#.....#####... ..
#...<...#....####.#
#.............#...#
#.........##......


There were no monsters in sight!

Vanquished Creatures
  An ogre (D:4)
  3 crimson imps (D:3)
  An orc priest (D:5)
  2 hounds (D:4)
  3 orc wizards (D:5)
  Jessica (D:2)
  An iguana (D:5)
  2 worker ants (D:4)
  4 adders
  2 oozes (D:1)
  An adder skeleton (D:4)
  2 worms (D:4)
  4 dart slugs
  A leopard gecko (D:5)
  5 orcs
  A bat (D:2)
  4 giant cockroaches
  4 goblins
  6 hobgoblins
  A jackal (D:2)
  A quokka (D:4)
  2 ball pythons (D:1)
  6 frilled lizards
  5 kobolds
  6 rats
69 creatures vanquished.

Vanquished Creatures (collateral kills)
  A hobgoblin (D:1)
  A kobold (D:1)
2 creatures vanquished.

Vanquished Creatures (others)
  A kobold (D:1)
1 creature vanquished.

Grand Total: 72 creatures vanquished

Notes
Turn   | Place    | Note
-------+----------+-------------------------------------------
     0 | D:1      | zishaf the Spriggan Artificer began the quest for the Orb.
     0 | D:1      | Reached XP level 1. HP: 9/9 MP: 4/4
    64 | D:1      | Reached skill level 1 in Fighting
   182 | D:1      | Reached XP level 2. HP: 11/14 MP: 6/6
   755 | D:1      | Reached XP level 3. HP: 14/18 MP: 7/7
   966 | D:2      | Noticed Jessica
   974 | D:2      | Killed Jessica
  1097 | D:2      | Found a bloodstained altar of Trog.
  1212 | D:2      | Reached XP level 4. HP: 21/22 MP: 8/8
  1604 | D:2      | Found an ornate altar of the Wu Jian Council.
  1794 | D:3      | Found a shimmering altar of Xom.
  1938 | D:3      | Reached skill level 5 in Evocations
  2294 | D:3      | Reached XP level 5. HP: 25/25 MP: 9/9
  2823 | D:3      | Found a sparkling altar of Nemelex Xobeh.
  2893 | D:3      | Found a hide-covered altar of Uskayaw.
  3100 | D:4      | Reached skill level 5 in Dodging
  3269 | D:4      | Reached XP level 6. HP: 30/30 MP: 11/11
  3288 | D:4      | Reached skill level 5 in Stealth
  3547 | D:5      | Entered Level 5 of the Dungeon
  3852 | D:5      | Reached XP level 7. HP: 20/33 MP: 8/12
  4011 | D:5      | Found a runed translucent door.
  4060 | D:5      | Killed themself with a badly aimed iceblast

Skill      XL: |  1  2  3  4  5  6  7 |
---------------+----------------------+-----
Fighting       | 1 |  1.0
Stealth        | 2 3 4 5 6 |  6.0
Short Blades   | 2 3 4 |  4.1
Dodging        | 4 5 6 |  6.1
Evocations     | 5 6 |  6.3

Action                   |  1- 3 |  4- 6 |  7- 9 || total
-------------------------+-------+-------+-------++-------
Melee: Short sword       |    92 |   171 |    12 ||   275
Evoke: Wand              |     5 |    37 |       ||    42
  Use: Scroll            |       |    12 |     2 ||    14
 Stab: Sleeping          |     9 |     9 |       ||    18
       Confused          |       |     3 |       ||     3
       Paralysed         |       |     1 |       ||     1
Armor: Robe              |     4 |    21 |       ||    25
Dodge: Dodged            |    57 |   141 |     7 ||   205
       Deflected         |       |     6 |       ||     6
